 Dungeon Crawl Stone Soup version 0.28-a0-425-gd0eccab798 (webtiles) character file.

Game seed: 17392001351885296554

84 frimble the Grasshopper (level 4, -3/30 HPs)
             Began as an Octopode Warper on Sept 10, 2021.
             Succumbed to a gnoll's poison
             ... on level 3 of the Dungeon.
             The game lasted 00:02:21 (1994 turns).

frimble the Grasshopper (Octopode Warper)           Turns: 1994, Time: 00:02:22

Health: -3/30      AC:  1    Str: 10    XL:     4   Next: 46%
Magic:  7/7        EV: 13    Int: 14    God:
Gold:   67         SH:  0    Dex: 11    Spells: 5/7 levels left

rFire   . . .      SeeInvis .   a - +1 short sword
rCold   . . .      Faith    .   (no shield)
rNeg    + . .      Spirit   .   (helmet restricted)
rPois   +          Reflect  .   (no amulet)
rElec   .          Harm     .   d - ring of positive energy
rCorr   .          Rampage  .   (no ring)
Will    .....                   (no ring)
Stlth   +++.......              (no ring)
HPRegen 0.10/turn               (no ring)
MPRegen 0.10/turn               (no ring)
                                (no ring)
                                (no ring)

@: lethally poisoned (-3 -> -33)
A: almost no armour, amphibious, 8 rings, camouflage 1, gelatinous body 1,
(nimble swimmer 1), tentacles, dopey 1, poison resistance
a: no special abilities


You were on level 3 of the Dungeon.
You visited 1 branch of the dungeon, and saw 3 of its levels.

You collected 67 gold pieces.

Inventory:

Hand Weapons
 a - a +1 short sword (weapon)
Missiles
 c - 5 boomerangs of dispersal (quivered)
 e - 7 boomerangs
 h - 3 curare-tipped darts
Jewellery
 d - a ring of positive energy (left tentacle)
Scrolls
 b - a scroll of blinking
 f - 2 scrolls of identify
 j - a scroll of amnesia {unknown}


   Skills:
 + Level 2.7 Fighting
 + Level 2.5 Short Blades
 * Level 2.0 Throwing
 - Level 2.3 Dodging
 + Level 2.3 Stealth
 - Level 2.0 Spellcasting
 + Level 3.5 Translocations


You had 5 spell levels left.
You knew the following spells:

 Your Spells              Type           Power      Damage    Failure   Level
a - Blink                 Tloc           N/A        N/A       9%          2

Your spell library contained the following spells:

 Spells                   Type           Power      Damage    Failure   Level
 Gell's Gravitas          Tloc           5%         N/A       17%         3
 Lesser Beckoning         Tloc           11%        N/A       17%         3
 Teleport Other           Tloc           11%        N/A       17%         3
 Manifold Assault         Tloc           11%        N/A       83%         5


Dungeon Overview and Level Annotations

Branches:
Dungeon (3/15)

Altars:

Shops:
D:2 [


Innate Abilities, Weirdness & Mutations

You cannot wear most types of armour.
You are amphibious.
You can wear up to eight rings at the same time.
Your skin changes colour to match your surroundings (Stealth+).
Your rubbery body absorbs attacks. (AC +1, EV +1)
((You are camouflaged near water. (Stealth+)))
You have tentacles for arms and can constrict up to eight enemies at once.
You are dopey. (Int -2)
Your system is resistant to poisons. (rPois)


Message History

You throw a javelin.
The javelin pierces through the gnoll but does no damage.
The javelin pierces through the gnoll but does no damage.
The javelin pierces through the gnoll!
The gnoll is severely wounded.
Throw: 2 javelins
Press: ? - help, Q - select action, (/) - cycle Shift-Dir - straight line, f/p - gnoll
Aim: a gnoll, wielding a +0 whip (61% to hit)
You throw a javelin. The javelin pierces through the gnoll.
The gnoll is lightly wounded.
The javelin barely misses the gnoll. x2
An ice beast comes into view.
The gnoll misses you. The gnoll completely misses you.
The ice beast moves out of view.
You hit the gnoll. Your grab misses the gnoll.
The gnoll is moderately wounded.
You closely miss the gnoll. You grab the gnoll.
The gnoll is moderately wounded.
You constrict the gnoll. The gnoll hits you with a +0 whip.
The gnoll hits you from afar with a +1 spear of venom!
You are poisoned.
Throw: javelin
Press: ? - help, Q - select action, (/) - cycle Shift-Dir - straight line, f/p - gnoll
Aim: a gnoll, wielding a +0 whip (heavily wounded, constricted by you, 93% to hit)
You throw a javelin. The javelin barely misses the gnoll. x2
The javelin pierces through the gnoll.
The gnoll is lightly wounded.
You constrict the gnoll.
You feel very sick. The gnoll barely misses you.
The gnoll hits you from afar with a +1 spear of venom.
* * * LOW HITPOINT WARNING * * *
You are more poisoned.
The gnoll hits you with a +0 whip.
* * * LOW HITPOINT WARNING * * *
It was a potion of mutation.
You feel extremely strange.
You feel stupid.
You feel resistant to poisons.
You constrict the gnoll.
You kill the gnoll!
You die...

#.#####...... ..
######...#..# #.
.###.....)....#..[.....###
#. .#
.##.#.##...#.###....# # .#
##......#.....####.# .#
#.#..#.............
#........###..##... ###
#...#.#####..####
.##...####..†..##...#..# #
..Y..ggg)@..†...#...##.# #
##.?.#####...##.....##.###
#g #.#..†.#...##.#..
........#.####.#..
...##.......# #.... ..###
##.............. .
......########.. ###....#
#.. #....# #..


You could see an ice beast and 3 gnolls.

Vanquished Creatures
  An orc priest (D:2)
  A gnoll (D:3)
  An adder (D:3)
  9 orcs
  3 endoplasms
  A giant cockroach (D:2)
  2 goblins (D:2)
  6 hobgoblins
  A quokka (D:1)
  3 ball pythons
  3 bats
  2 kobolds
  2 rats
35 creatures vanquished.

Notes
Turn   | Place    | Note
-------+----------+-------------------------------------------
     0 | D:1      | frimble the Octopode Warper began the quest for the Orb.
     0 | D:1      | Reached XP level 1. HP: 14/14 MP: 3/3
   379 | D:1      | Reached XP level 2. HP: 16/19 MP: 5/5
   711 | D:1      | Reached skill level 1 in Stealth
   901 | D:2      | Found Gecoadd's Antique Armour Emporium.
  1279 | D:2      | Learned a level 2 spell: Blink
  1501 | D:2      | Reached XP level 3. HP: 25/25 MP: 6/6
  1507 | D:2      | Reached XP level 4. HP: 30/30 MP: 7/7
  1990 | D:3      | Noticed an ice beast
  1994 | D:3      | Gained mutation: You are dopey. (Int -2) [potion of
                  | mutation]
  1994 | D:3      | Gained mutation: Your system is resistant to poisons.
                  | (rPois) [potion of mutation]
  1994 | D:3      | Succumbed to a gnoll's poison

Illustrated notes

Levels and vault maps discovered:
D:1:      dpeg_arrival_fog, layout_loops_corners
D:2:      layout_rooms, serial_shops, nicolae_shop_behind_doors,
          minmay_misc_feat_encased, corexii_leaking_fountain
D:3:      layout_rooms

Skill      XL: |  1  2  3  4 |
---------------+-------------+-----
Stealth        | 1 2 |  2.3
Throwing       | 2 |  2.0
Fighting       | |  2.7
Short Blades   | |  2.5
Dodging        | |  2.3
Spellcasting   | |  2.0
Translocations | |  3.5

Action                   |  1- 3 |  4- 6 || total
-------------------------+-------+-------++-------
Melee: Short sword       |    42 |    24 ||    66
       Constrict         |    11 |     8 ||    19
       Tentacles         |     7 |     2 ||     9
Throw: Javelin           |     2 |     3 ||     5
       Dart              |     2 |       ||     2
  Use: Scroll            |     3 |     1 ||     4
       Potion            |       |     1 ||     1
 Stab: Sleeping          |     7 |     1 ||     8
Armor: Skin              |     8 |       ||     8
Dodge: Dodged            |    19 |    24 ||    43

Table legend: (Time is in decaauts)
 A = Elapsed time spent in this place.
 B = Non-inter-level travel time spent in this place.
 C = Inter-level travel time spent in this place.
 D = Time resting spent in this place.
 E = Time spent auto-exploring this place.
 F = Levels seen in this place.
 G = Mean time per level.
                   A        B        C        D        E       F      G
               +--------+--------+--------+--------+--------+-----+--------+
         Total |   1995 |   1927 |     68 |      0 |   1693 |   3 |  665.0 |
       Dungeon |   1995 |   1927 |     68 |      0 |   1693 |   3 |  665.0 |
               +--------+--------+--------+--------+--------+-----+--------+

Top non-repeatable levels by time:
     D:1: 863 daAuts
     D:2: 730 daAuts
     D:3: 401 daAuts
